 Dungeon Crawl Stone Soup version 0.23.2-33-g5129a83184 (webtiles) character file.

Game seed: 8743233126306568702

358 FishyPogo the Vandal (level 6, -2/41 HPs)
             Began as a Halfling Hunter on July 28, 2019.
             Slain by an adder (3 damage)
             ... on level 3 of the Dungeon.
             The game lasted 00:17:46 (2806 turns).

FishyPogo the Vandal (Halfling Hunter)              Turns: 2806, Time: 00:17:53

Health: -2/41      AC:  4    Str: 12 (13) XL:     6   Next: 97%
Magic:  8/8        EV: 15    Int:  7 (9)  God:
Gold:   97         SH:  0    Dex: 17      Spells: 6/8 levels left

rFire    . . .     SeeInvis +   b - +0 short sword
rCold    . . .     Gourm    .   (shield restricted)
rNeg     . . .     Faith    .   c - +0 leather armour
rPois    .         Spirit   .   r - +0 helmet
rElec    .         Reflect  .   (no cloak)
rCorr    .         Harm     .   (no gloves)
MR       .....                  (no boots)
Stlth    ++........             e - amulet of rage
HPRegen  0.13/turn              w - ring of see invisible
MPRegen  0.11/turn              (no ring)

@: no status effects
A: small, mutation resistance 1, sense surroundings 1
a: Evoke Berserk Rage


You were on level 3 of the Dungeon.
You were not hungry.

You visited 1 branch of the dungeon, and saw 3 of its levels.

You collected 97 gold pieces.

Inventory:

Hand Weapons
 a - a +1 hunting sling
 b - a +0 short sword (weapon)
Missiles
 d - 4 sling bullets
 h - 47 stones (quivered)
 t - 18 arrows
Armour
 c - a +0 leather armour (worn)
 p - a +0 ring mail
 r - a +0 helmet (worn)
Jewellery
 e - an amulet of rage (around neck)
 w - a ring of see invisible (left hand)
Wands
 k - a wand of random effects (9)
Scrolls
 g - a scroll of fog {unknown}
 i - a scroll of remove curse {unknown}
 j - a scroll of teleportation {unknown}
 l - a scroll of identify {unknown}
 o - a scroll of amnesia {unknown}
 v - a scroll of immolation {unknown}
Potions
 m - a potion of curing
Comestibles
 f - 4 rations
 n - 5 chunks of flesh


   Skills:
 * Level 2.6 Fighting
 * Level 2.6 Short Blades
 + Level 7.5 Slings
 * Level 1.6 Armour
 * Level 2.7 Dodging
 * Level 2.5 Stealth
 * Level 1.7 Spellcasting
 * Level 0.8 Transmutations
 + Level 0.1 Evocations


You had 6 spell levels left.
You knew the following spells:

 Your Spells              Type           Power        Failure   Level  Hunger
a - Sticks to Snakes      Tmut           #.......     47%         2    ###....

Your spell library contained the following spells:

 Spells                   Type           Power        Failure   Level  Hunger
 Beastly Appendage        Tmut           #.....       34%         1    ##.....
 Spider Form              Tmut/Pois      #.........   77%         3    ####...
 Ice Form                 Ice/Tmut       #.......     99%         4    #####..
 Blade Hands              Tmut           #.........   100%        5    ######.


Dungeon Overview and Level Annotations

Branches:
Dungeon (3/15)

Altars:
Gozag


Innate Abilities, Weirdness & Mutations

You are small and have problems with some larger weapons.
You are somewhat resistant to further mutation.
You passively map a small area around you.


Message History

You now have 97 gold pieces (gained 12).
An adder comes into view.
A centaur comes into view.
The centaur shouts!
The adder hisses angrily.
The centaur wields a +0 shortbow.
The centaur shoots an arrow.
The arrow hits you!
You see here an arrow.
You closely miss the adder. The adder bites you.
The centaur shoots an arrow.
The arrow hits you!
You hit the adder.
The adder is moderately wounded.
The adder barely misses you.
The centaur shoots an arrow.
The arrow closely misses you.
You barely miss the adder.
The adder is moderately wounded.
The adder completely misses you.
The centaur shoots an arrow.
The arrow hits you!
* * * LOW HITPOINT WARNING * * *
The adder bites you.
You die...

.# ### ...## .###*... ,
, #...#.# #.#.#..# * *
* .#..#.8.# #.8c#.#
.#...#.#.# #.#.. *
.#.#.##.#.#.#..########
...#.###.♣.###........#
*,
...#..###.#.#.........#
.....#.#.###.#..@S....#
#..#.⌠.###.♣.#.......#
,
#.[.#.###.#.#...(....#
##.#.####.####........#
......##.⌠.# ........##
, ###.##.##.#
.#######.# ,
###.[##..#..# .# * ,
............, * * ,# ,
####..##.#.. ,


You could see a centaur and an adder.

Vanquished Creatures
  Sigmund (D:2)
  Natasha (thrice) (D:2)
  Robin (D:2)
  5 adders
  An ooze (D:1)
  A worm (D:2)
  A dart slug (D:2)
  3 leopard geckos
  2 giant cockroaches (D:1)
  11 goblins
  4 hobgoblins
  11 jackals
  2 kobolds
  3 quokkas (D:2)
  A ball python (D:2)
  4 bats (D:1)
  3 frilled lizards (D:2)
  3 rats
60 creatures vanquished.

Notes
Turn   | Place    | Note
-------+----------+-------------------------------------------
     0 | D:1      | FishyPogo the Halfling Hunter began the quest for the Orb.
     0 | D:1      | Reached XP level 1. HP: 14/14 MP: 1/1
   133 | D:1      | Reached skill level 6 in Slings
   285 | D:1      | Reached XP level 2. HP: 19/19 MP: 2/2
   492 | D:1      | Reached XP level 3. HP: 24/24 MP: 3/3
   815 | D:2      | Noticed Natasha
   834 | D:2      | Killed Natasha
   834 | D:2      | Reached XP level 4. HP: 28/29 MP: 3/5
   916 | D:2      | Reached skill level 1 in Short Blades
   943 | D:2      | Learned a level 2 spell: Sticks to Snakes
  1139 | D:2      | Noticed Sigmund
  1343 | D:2      | Noticed Natasha
  1345 | D:2      | Killed Natasha
  1345 | D:2      | Reached skill level 1 in Spellcasting
  1345 | D:2      | Reached XP level 5. HP: 28/34 MP: 6/6
  1389 | D:2      | Reached skill level 1 in Armour
  1508 | D:2      | Noticed Robin
  1520 | D:2      | Reached skill level 7 in Slings
  1546 | D:2      | Killed Robin
  1786 | D:2      | Found an opulent altar of Gozag.
  1976 | D:2      | Gained mutation: You passively map a small area around you.
                  | [potion of mutation]
  1995 | D:2      | Killed Sigmund
  1995 | D:2      | Reached XP level 6. HP: 9/41 MP: 6/8
  2240 | D:2      | Noticed Natasha
  2252 | D:2      | Killed Natasha
  2806 | D:3      | HP: 1/41 [centaur/arrow (16)]
  2806 | D:3      | Slain by an adder

Skill      XL: |  1  2  3  4  5 |
---------------+----------------+-----
Slings         | 6 7 |  7.5
Fighting       | 2 |  2.6
Short Blades   | 1 2 |  2.6
Spellcasting   | 1 |  1.7
Armour         | 1 |  1.6
Stealth        | 2 |  2.5
Dodging        | |  2.7
Transmutations | |  0.8
Evocations     | |  0.1

Action                   |  1- 3 |  4- 6 || total
-------------------------+-------+-------++-------
Melee: Short sword       |     2 |    97 ||    99
 Fire: Hunting sling     |    51 |   109 ||   160
 Abil: Evoke Berserk Rag |     1 |     1 ||     2
  Use: Potion            |       |     3 ||     3
       Scroll            |       |     2 ||     2
 Stab: Sleeping          |       |     2 ||     2
  Eat: Chunk             |       |     8 ||     8
Armor: Leather armour    |     5 |    22 ||    27
Dodge: Dodged            |    10 |   104 ||   114
